 Seeded DCSS version 0.28.0-1-gb440e238dd (webtiles) character file.

Game seed: 13591998346360536447 (custom seed)

196730 hikkokomori the Tortoise (level 19, -8/157 HPs)
             Began as a Formicid Fighter on Feb 19, 2022.
             Was a High Priest of Okawaru.
             Killed by divine providence
             ... invoked by a meliai
              (14 damage)
             ... on level 3 of the Spider Nest on Feb 20, 2022.
             The game lasted 01:52:19 (40523 turns).

hikkokomori the Tortoise (Formicid Fighter)        Turns: 40523, Time: 01:52:22

Health: -8/157     AC: 32    Str: 32      XL:     19   Next: 8%
Magic:  2/28       EV: 12    Int:  8 (10) God:    Okawaru [*****.]
Gold:   3451       SH: 27    Dex: 12      Spells: 16/18 levels left

rFire   + . .      SeeInvis +   w - +8 storm bow {elec, penet}
rCold   + + .      Faith    .   Q - +0 tower shield
rNeg    . . .      Spirit   .   q - +4 plate armour {rF+}
rPois   +          Reflect  +   (helmet unavailable)
rElec   .          Harm     .   o - +2 cloak {rCorr}
rCorr   +          Rampage  .   N - +0 pair of gloves of Exclusion {rC+ Str+3}
Will    ++...                   j - +0 pair of boots "Qugo Ytz" {-Tele +Inv Will+}
Stlth   ..........              i - amulet of reflection
HPRegen 0.36/turn               O - ring "Riufuyl" {Fly Str+2 Dex-2 Slay+4 SInv}
MPRegen 0.21/turn               p - ring "Ygut" {rPois rC+ Dex+4 Stlth+}

@: heroic, flying, studying 2 skills
A: permanent stasis, dig shafts and tunnels, antennae 3, four strong arms
}: 1/15 runes: decaying
a: Dig, Shaft Self, Renounce Religion, Evoke Invisibility, Heroism, Finesse,
Duel


You were on level 3 of the Spider Nest.
You worshipped Okawaru.
Okawaru was extremely pleased with you.
You visited 5 branches of the dungeon, and saw 30 of its levels.
You also visited: Ice Cave and Volcano.

You collected 4579 gold pieces.
You spent 1128 gold pieces at shops.

Inventory:

Hand Weapons
 a - a +1 antimagic long sword
 w - the +8 storm bow (weapon) {elec, penet}
   (You took it off a centaur on level 9 of the Dungeon)

   Any ammunition fired from it occasionally discharges a powerful burst of
   electricity upon striking a foe.
   Any ammunition fired by it passes through the targets it hits, potentially
   hitting all targets in its path until it reaches maximum range.
 H - a +4 vorpal triple sword
 M - a +2 scimitar of flaming
Missiles
 P - 792 arrows (quivered ammo)
Armour
 f - the +0 acid dragon scales of Mauces {Fly rElec Regen+ rCorr Str-2}
   (Okawaru gifted it to you on level 4 of the Lair of Beasts)

   Str:       It affects your strength (-2).
   rElec:     It insulates you from electricity.
   Fly:       It grants you flight.
   Regen:     It increases your rate of health regeneration.
   rCorr:     It protects you from acid and corrosion.
 j - the +0 pair of boots "Qugo Ytz" (worn) {-Tele +Inv Will+}
   (Okawaru gifted it to you on level 2 of the Spider Nest)

   +Inv:      It lets you turn invisible.
   -Tele:     It prevents most forms of teleportation.
   Will:      It increases your willpower.
 o - a +2 cloak of preservation (worn)
 q - a +4 plate armour of fire resistance (worn)
 v - a +2 pair of gloves of stealth
 A - the +7 chain mail of Qiysimoa {rN+}
   (You found it on level 2 of the Spider Nest)

   rN:        It protects you from negative energy.
 B - a +0 pair of boots of stealth
 N - the +0 pair of gloves of Exclusion (worn) {rC+ Str+3}
   (You acquired it on level 9 of the Dungeon)

   Str:       It affects your strength (+3).
   rC:        It protects you from cold.
 Q - a +0 tower shield (worn)
Jewellery
 g - a ring of willpower
 h - the ring "Cyese" {rPois Str+6}
   (You acquired it on level 2 of the Dungeon)

   [ring of poison resistance]

   Str:       It affects your strength (+6).
   rPois:     It protects you from poison.
 i - an amulet of reflection (around neck)
 k - a ring of resist corrosion
 m - an amulet of faith
 p - the ring "Ygut" (right hand) {rPois rC+ Dex+4 Stlth+}
   (You acquired it on level 2 of the Dungeon)

   [ring of poison resistance]

   Dex:       It affects your dexterity (+4).
   rC:        It protects you from cold.
   rPois:     It protects you from poison.
   Stlth:     It makes you more stealthy.
 s - a +6 ring of intelligence
 K - a ring of ice
 O - the ring "Riufuyl" (left hand) {Fly Str+2 Dex-2 Slay+4 SInv}
   (You acquired it on level 9 of the Dungeon)

   [ring of flight]

   Str:       It affects your strength (+2).
   Dex:       It affects your dexterity (-2).
   Slay:      It affects your accuracy & damage with ranged weapons and melee
   (+4).
   SInv:      It lets you see invisible.
   Fly:       It grants you flight.
 S - a ring of willpower
 X - the ring of the Middle {rF+ Int+4 Dex+2}
   (You found it in an ice cave)

   [ring of protection from fire]

   Int:       It affects your intelligence (+4).
   Dex:       It affects your dexterity (+2).
   rF:        It protects you from fire.
Wands
 c - a wand of digging (3)
 n - a wand of flame (81)
 u - a wand of polymorph (15)
 C - a wand of mindburst (30)
 E - a wand of iceblast (29)
 L - a wand of acid (17)
 T - a wand of paralysis (9)
Scrolls
 l - 8 scrolls of vulnerability
 r - 3 scrolls of torment
 y - 6 scrolls of amnesia
 z - 2 scrolls of magic mapping
 D - 9 scrolls of identify
 G - 3 scrolls of holy word
 V - 2 scrolls of immolation
 W - 6 scrolls of fog
 Y - 5 scrolls of enchant armour
Potions
 d - 5 potions of might
 e - a potion of ambrosia
 t - 5 potions of lignification
 x - 8 potions of mutation
 F - 3 potions of curing
 I - 2 potions of invisibility
 J - 4 potions of brilliance
 R - a potion of cancellation
 U - 2 potions of heal wounds
Miscellaneous
 b - a lightning rod (4/4)
 Z - a tin of tremorstones (1/2)


   Skills:
 - Level 16.2(21.2) Fighting
 - Level 16.3(21.3) Long Blades
 + Level 12.0(17.0) Bows
 + Level 17.6(22.6) Armour
 + Level 5.9(10.9) Dodging
 + Level 17.3(22.3) Shields
 - Level 12.0 Invocations
 - Level 8.4 Evocations


You had 16 spell levels left.
You knew the following spells:

 Your Spells              Type           Power      Damage    Failure   Level
a - Wereblood             Tmut           0%         N/A       97%         2

Your spell library contained the following spells:

 Spells                   Type           Power      Damage    Failure   Level
 Apportation              Tloc           0%         N/A       91%         1
 Foxfire                  Conj/Fire      0%         2x1d4     91%         1
 Freeze                   Ice            0%         1d3       91%         1
 Pain                     Necr           0%         1d4       91%         1
 Ensorcelled Hibernation  Hex/Ice        0%         N/A       97%         2
 Static Discharge         Conj/Air       0%         N/A       97%         2
 Sublimation of Blood     Necr           0%         N/A       97%         2
 Confusing Touch          Hex            0%         N/A       99%         3
 Conjure Flame            Conj/Fire      0%         6-21      99%         3
 Dazzling Flash           Conj/Hex       0%         N/A       99%         3
 Inner Flame              Hex/Fire       0%         N/A       99%         3
 Ozocubu's Armour         Ice            0%         N/A       99%         3
 Stone Arrow              Conj/Erth      0%         3d7       99%         3
 Vampiric Draining        Necr           0%         2d6       99%         3
 Dispel Undead            Necr           0%         3d6       100%        4
 Flame Wave               Conj/Fire      0%         2d4       100%        4
 Leda's Liquefaction      Hex/Erth       0%         N/A       100%        4
 Passage of Golubria      Tloc           0%         N/A       100%        4
 Petrify                  Tmut/Erth      0%         N/A       100%        4
 Sticky Flame             Conj/Fire      0%         2d3       100%        4
 Agony                    Necr           0%         N/A       100%        5
 Alistair's Intoxication  Tmut/Pois      0%         N/A       100%        5
 Blade Hands              Tmut           0%         N/A       100%        5
 Borgnjor's Vile Clutch   Necr/Erth      0%         N/A       100%        5
 Excruciating Wounds      Necr           0%         N/A       100%        5
 Freezing Cloud           Conj/Ice/Air   0%         6-21      100%        5
 Irradiate                Conj/Tmut      0%         3d13      100%        5
 Lee's Rapid Deconstruct  Erth           0%         3d5*      100%        5
 Silence                  Hex/Air        0%         N/A       100%        5
 Yara's Violent Unravell  Hex/Tmut       0%         3d3       100%        5
 Eringya's Noxious Bog    Tmut/Pois      0%         N/A       100%        6
 Statue Form              Tmut/Erth      0%         N/A       100%        6
 Dragon Form              Tmut           0%         N/A       100%        7
 Enfeeble                 Hex            0%         N/A       100%        7
 Ozocubu's Refrigeration  Ice            0%         4d5       100%        7
 Lehudib's Crystal Spear  Conj/Erth      0%         10d2      100%        8
 Polar Vortex             Ice            0%         N/A       100%        9
 Animate Skeleton         Necr           Unusable   N/A       N/A         1
 Tukima's Dance           Hex            Unusable   N/A       N/A         3
 Animate Armour           Summ/Erth      Unusable   N/A       N/A         4
 Simulacrum               Ice/Necr       Unusable   N/A       N/A         6
 Haunt                    Necr/Summ      Unusable   N/A       N/A         7
 Summon Hydra             Summ           Unusable   N/A       N/A         7
 Infestation              Necr           Unusable   N/A       N/A         8

Dungeon Overview and Level Annotations

Branches:
Dungeon (15/15)            Temple (0/1) D:6            Lair (6/6) D:8
  Swamp (4/4) Lair:4       Spider (3/4) Lair:4        Slime (0/5) Lair:6
    Orc (2/2) D:10            Elf (0/3) Orc:2        Vaults (0/5) D:13
 Depths (0/4) D:15          IceCv (visited)         Volcano (visited)

Altars:
Elyvilon
Gozag
Hepliaklqana
Nemelex Xobeh
Okawaru
Qazlal
Sif Muna
Trog
Wu Jian
The Shining One
Beogh

Shops:
D:8 *   D:11 *   Orc:1 *   Orc:2 [[[:


Innate Abilities, Weirdness & Mutations

You cannot be hasted, slowed, berserked, paralysed or teleported.
You can dig through walls and to a lower floor.
You have a pair of large antennae on your head. (SInv)
Your four strong arms can wield two-handed weapons with a shield.


Message History

The meliai poisons you!
You feel better.
You block the meliai's attack. x2; The meliai misses you.
The meliai stings you but does no damage.
You block the meliai's attack. x2; The meliai closely misses you.
The meliai stings you but does no damage.
You block the meliai's attack. x3; The meliai barely misses you.
You block the meliai's attack. x3; The meliai stings you.
* * * LOW HITPOINT WARNING * * *
You block the meliai's attack. The meliai closely misses you.
You block the meliai's attack. x2; The meliai hits you but does no damage.
The meliai stings you!
* * * LOW HITPOINT WARNING * * *
The meliai mumbles some strange prayers to its god against you.
Something smites you!
* * * LOW HITPOINT WARNING * * *
The meliai mumbles some strange prayers to its god against you.
Something smites you!
* * * LOW HITPOINT WARNING * * *
The meliai closely misses you. You block the meliai's attack.
The meliai hits you with a +0 hand axe.
* * * LOW HITPOINT WARNING * * *
The meliai barely misses you. The meliai hits you but does no damage.
You block the meliai's attack.
You feel much better. You block the meliai's attack.
The meliai stings you but does no damage.
You block the meliai's attack.
The meliai stings you but does no damage.
You block the meliai's attack. x2
You block the meliai's attack. The meliai barely misses you.
The meliai hits you with a +0 hand axe!
* * * LOW HITPOINT WARNING * * *
You block the meliai's attack. You block the meliai's attack.
The meliai stings you but does no damage.
The meliai calls down the wrath of its god upon you.
Something smites you!
* * * LOW HITPOINT WARNING * * *
The meliai mumbles some strange prayers to its god against you.
Something smites you!
You die...

...###..^.,,^,,*,,*,,*,,≈^,^*,,,,
...#.)†#,,,....#,,*,,,,**,,***,^,
....<#.##.*,...#,,*,*,,#,,*≈,^,**
.##.†.†.#.###..#^^*,,,..,,*,,,,,,
#.^.....#...≈..##,,,,...,<,,,,*,,
######..##..##..#,,*..#.,,,,,**^*
...^≈....#...#..#,<....#,,,,,,≈≈*
....#...###..#s.##...##.***,,**,*
.##....)..##..yy@......#,,*,,,,,,
,#............y###^.....,***,,**,
^########^.....#.#..##..,^,*,,^,^
,^*,,.!.##...........#**,,**≈*,,,
,,**.........).....#*#,**,,,,***^
*,^,.......#.#...#^..,,,≈,,,,*,**
,,,^#####.#^#.#.##,..,,**,**,,,,,
,,,**,,..#.#.#.#..,,#*,,,,,,,,,,,
,,,*,,....#.y.#...#,,*,,**,,,,,,,


You could see a culicivora and 3 meliai.

Vanquished Creatures
  A golden dragon (IceCv)
  The ghost of Fiyxkotz the Ogre Mage, an adept OgCj of Ru (Swamp:4)
  Kirke (Arena)
  A thorn hunter (Swamp:3)
  2 azure jellies (Swamp:4)
  Louise (Arena)
  A ghost moth (Spider:3)
  2 emperor scorpions (Spider:2)
  2 orc warlords (Orc:2)
  An ironbound preserver (D:13)
  Aizul (Swamp:3)
  A stone giant (D:15)
  A broodmother (Spider:2)
  The ghost of KCGemini the Ripper, a journeyman FeBe of Trog (Swamp:2)
  5 eleionomae
  5 bunyips
  A fire dragon (Lair:6)
  A shambling mangrove (Swamp:4)
  3 spectral fenstrider witches (Swamp:2)
  Erolcha (D:13)
  An ogre mage (Orc:2)
  A ghost crab (Swamp:2)
  8 ice dragons
  A rakshasa (D:14)
  15 hydras
  10 boulder beetles
  4 death knights
  9 centaur warriors
  9 alligators
  9 two-headed ogres
  A radroach (Spider:1)
  2 tengu warriors (D:15)
  4 orc high priests (Orc:2)
  A vampire mage (Swamp:3)
  5 death yaks (Lair:5)
  Urug (D:13)
  A fire crab (Lair:5)
  A deep elf knight (D:14)
  2 pharaoh ants (Spider:2)
  A spectral spriggan (Swamp:2)
  A skeletal warrior (D:13)
  3 goliath frogs
  3 spriggan druids
  2 wizards (D:14)
  6 swamp dragons
  An orange crystal statue (IceCv)
  A steelbarb worm (Spider:2)
  2 bog bodies
  2 fenstrider witch simulacra (Swamp:2)
  5 orc knights
  5 wolf spiders
  3 lindwurms
  2 phantasmal warriors (D:15)
  4 orc sorcerers (Orc:2)
  6 will-o-the-wisps
  7 ugly things (D:14)
  6 cyclopes
  8 black mambas
  A manticore (D:14)
  A moth of wrath (Spider:2)
  7 torpor snails
  25 elephants
  3 molten gargoyles (Volcano)
  10 storm dragon simulacra (IceCv)
  4 gargoyles
  Maggie (Lair:2)
  2 unseen horrors (D:13)
  13 cane toads
  6 demonic crawlers
  2 yaktaurs
  3 golden dragon simulacra (IceCv)
  7 komodo dragons
  4 efreet
  7 freezing wraiths
  5 rime drakes
  A polar bear (Lair:4)
  A spectral death drake (Swamp:2)
  8 trolls
  10 tyrant leeches
  A bloated husk (Swamp:3)
  16 hornets
  The ghost of themarg the Protected, an amateur GnWn (D:3)
  6 meliai
  4 tarantellas
  16 slime creatures
  A blink frog (shapeshifter) (D:9)
  11 blink frogs
  7 jumping spiders
  2 centaur simulacra (D:14)
  Sigmund (D:5)
  2 shadows
  A spriggan (shapeshifter) (D:11)
  10 culicivoras
  7 spriggans
  5 wyverns
  7 wraiths
  5 humans (D:13)
  50 yaks
  2 fire elementals (Volcano)
  2 hogs (D:13)
  3 steam dragons
  3 basilisks
  24 vampire mosquitoes
  2 swamp worm simulacra (Swamp:4)
  18 redbacks
  Menkaure (D:5)
  17 swamp worms
  Edmund (D:5)
  2 spriggan simulacra (Swamp:2)
  4 wargs
  2 death drake simulacra (Swamp:2)
  18 water moccasins
  14 hydra simulacra (Swamp:4)
  A swamp drake (Lair:6)
  3 ice dragon simulacra (IceCv)
  45 orc warriors
  3 ice beasts
  2 black bears (D:6)
  An ice beast (shapeshifter) (D:13)
  17 ogres
  3 sky beasts
  18 centaurs
  A kobold brigand (D:10)
  10 bullfrogs
  3 earth elementals (Volcano)
  A wyvern zombie (D:7)
  3 gnoll sergeants
  6 scorpions
  A water moccasin zombie (D:5)
  A hornet simulacrum (D:14)
  5 lindwurm simulacra (IceCv)
  12 killer bees
  4 vampire bats (D:13)
  8 wights
  5 electric eels
  4 howler monkeys
  A bullfrog zombie (D:5)
  2 centaur zombies
  2 hounds
  27 orc priests
  4 bullfrog skeletons
  3 jellies
  2 gnoll shamans
  Ijyb (D:5)
  9 hell rats
  16 iguanas
  Natasha (thrice) (D:2)
  11 orc wizards
  A killer bee zombie (D:7)
  3 hound skeletons
  2 howler monkey zombies
  21 gnolls
  8 adders
  4 river rats (D:13)
  A howler monkey skeleton (D:6)
  A white imp (D:5)
  2 ufetubi
  6 swamp drake simulacra (Swamp:4)
  2 adder skeletons (D:4)
  3 worms
  6 dart slugs
  85 orcs
  9 bats
  9 endoplasms
  8 giant cockroaches
  10 hobgoblins
  5 jackals
  14 kobolds
  3 quokkas
  9 ball pythons
  A frilled lizard (D:2)
  5 goblins
  15 rats
  A spectral hobgoblin (D:4)
  A briar patch (Swamp:3)
  5 fire vortices (Volcano)
1051 creatures vanquished.

Vanquished Creatures (others)
  A bloated husk (Swamp:2)
  33 foxfires
  40 fungi
  77 plants
  2 withered plants (Swamp:4)
153 creatures vanquished.

Grand Total: 1204 creatures vanquished

Notes
Turn   | Place    | Note
-------+----------+-------------------------------------------
     0 | D:1      | hikkokomori the Formicid Fighter began the quest for the
                  | Orb.
     0 | D:1      | Reached XP level 1. HP: 18/18 MP: 1/1
     0 | D:1      | Upgraded the game from 0.28.0 to 0.28.0-1-gb440e238dd
   134 | D:1      | Reached XP level 2. HP: 24/24 MP: 2/2
   383 | D:1      | Reached XP level 3. HP: 28/30 MP: 3/3
   995 | D:2      | Reached XP level 4. HP: 21/37 MP: 4/4
  1123 | D:2      | Identified a scroll of acquirement
  1126 | D:2      | Acquired the ring "Cyese" {rPois Str+6}
  1146 | D:2      | Found a faded altar of an unknown god.
  1392 | D:2      | Noticed Natasha
  1396 | D:2      | Killed Natasha
  1537 | D:2      | Noticed Natasha
  1545 | D:2      | Killed Natasha
  1546 | D:2      | Reached XP level 5. HP: 23/42 MP: 5/5
  1976 | D:2      | Noticed Natasha
  1990 | D:2      | Killed Natasha
  2083 | D:2      | Acquired the ring "Ygut" {rPois rC+ Dex+4 Stlth+}
  2087 | D:2      | Acquired a manual of Crossbows
  2133 | D:3      | Found a glowing golden altar of the Shining One.
  2349 | D:3      | Noticed themarg's ghost (amateur GnWn)
  2351 | D:3      | Found a transporter.
  2451 | D:3      | Found a transporter.
  2819 | D:4      | Reached XP level 6. HP: 45/49 MP: 6/6
  3139 | D:4      | Found a hazy altar of Hepliaklqana.
  3414 | D:5      | Entered Level 5 of the Dungeon
  3419 | D:5      | Noticed an ogre
  3420 | D:5      | Noticed Ijyb
  3420 | D:5      | Noticed Edmund
  3431 | D:5      | Reached skill level 5 in Armour
  3431 | D:5      | Reached skill level 5 in Shields
  3431 | D:5      | Reached XP level 7. HP: 54/55 MP: 7/7
  3445 | D:4      | Reached skill level 5 in Fighting
  3539 | D:5      | Found a shimmering blue altar of Sif Muna.
  3593 | D:5      | Reached skill level 1 in Evocations
  3657 | D:5      | Reached XP level 8. HP: 27/64 MP: 8/8
  3845 | D:5      | Found an opulent altar of Gozag.
  3854 | D:5      | Found a stormy altar of Qazlal.
  3875 | D:5      | You fall into a shaft and drop 1 floor!
  4259 | D:6      | Reached skill level 5 in Long Blades
  4482 | D:5      | Killed Ijyb
  4538 | D:5      | Killed Edmund
  4860 | D:5      | Noticed Sigmund
  4865 | D:5      | Reached XP level 9. HP: 61/71 MP: 9/9
  4878 | D:5      | Killed Sigmund
  4982 | D:5      | Found an iron altar of Okawaru.
  5015 | D:5      | Noticed Menkaure
  5021 | D:5      | Killed Menkaure
  5046 | D:5      | Became a worshipper of Warmaster Okawaru
  5663 | D:5      | Acquired a manual of Shields
  5936 | D:6      | Reached skill level 1 in Invocations
  6459 | D:6      | Found a staircase to the Ecumenical Temple.
  6720 | D:6      | Reached * piety under Okawaru
  7758 | D:7      | Reached XP level 10. HP: 73/80 MP: 13/13
  7938 | D:7      | Found an ornate altar of the Wu Jian Council.
  8257 | D:8      | Found Kiqy Okk's Assorted Antiques.
  8302 | D:8      | Reached ** piety under Okawaru
  8303 | D:8      | Reached skill level 5 in Invocations
  9046 | D:8      | Bought a scroll of identify for 56 gold pieces
  9046 | D:8      | Bought a cloak for 126 gold pieces
  9070 | D:8      | Reached *** piety under Okawaru
  9371 | D:8      | Found a staircase to the Lair.
  9520 | D:8      | Found a bloodstained altar of Trog.
  9655 | D:9      | Reached **** piety under Okawaru
  9667 | D:9      | Reached XP level 11. HP: 48/87 MP: 16/16
  9863 | D:9      | Reached skill level 10 in Shields
  9890 | D:9      | Reached skill level 10 in Long Blades
 10028 | D:9      | Acquired the ring "Riufuyl" {Fly Str+2 Dex-2 Slay+4 SInv}
 10033 | D:9      | Acquired a +2 vorpal triple sword
 10035 | D:9      | Acquired the +0 pair of gloves of Exclusion {rC+ Str+3}
 10578 | D:3      | Killed themarg's ghost
 10798 | Lair:1   | Entered Level 1 of the Lair of Beasts
 10821 | Lair:1   | Found a dark tunnel.
 10852 | Volcano  | Entered a volcano
 10869 | Volcano  | Reached skill level 1 in Bows
 10871 | Volcano  | HP: 3/89 [efreet (13)]
 10877 | Volcano  | Reached ***** piety under Okawaru
 11131 | Volcano  | Noticed a lindwurm
 11131 | Volcano  | Noticed a lindwurm
 11136 | Volcano  | Killed a lindwurm
 11138 | Volcano  | Killed a lindwurm
 11580 | Volcano  | Reached skill level 10 in Armour
 11810 | Lair:1   | Got the Almanac of Evil Secrets
 11928 | Lair:1   | Reached skill level 10 in Fighting
 12685 | Lair:2   | Reached XP level 12. HP: 97/97 MP: 18/18
 12704 | Lair:2   | Learned a level 2 spell: Wereblood
 12742 | Lair:2   | Noticed Maggie
 12752 | Lair:2   | Killed Maggie
 12981 | Lair:2   | Reached ****** piety under Okawaru
 13002 | Lair:2   | Received a gift from Okawaru
 13123 | Lair:2   | Identified the +2 hand axe of Guotsole {venom, *Corrode rN+
                  | Int+2 Stlth+}
 14063 | Lair:3   | Received a gift from Okawaru
 14243 | Lair:3   | Reached skill level 10 in Invocations
 14251 | Lair:3   | Reached XP level 13. HP: 73/106 MP: 20/20
 15234 | Lair:4   | Reached skill level 5 in Bows
 15370 | Lair:4   | Identified the +0 acid dragon scales of Mauces {Fly rElec
                  | Regen+ rCorr Str-2} (Okawaru gifted it to you on level 4 of
                  | the Lair of Beasts)
 15370 | Lair:4   | Received a gift from Okawaru
 15709 | Lair:4   | Found a hole to the Spider Nest.
 16011 | Lair:4   | Noticed a six-headed hydra
 16013 | Lair:4   | Killed a six-headed hydra
 16141 | Lair:4   | Found a staircase to the Swamp.
 16321 | Lair:4   | Noticed a seven-headed hydra
 16325 | Lair:4   | Killed a seven-headed hydra
 17240 | Lair:6   | Entered Level 6 of the Lair of Beasts
 17254 | Lair:6   | Found a staircase to the Slime Pits.
 17280 | Lair:5   | Identified the +1 plate armour of Ylinevi {Rampage rC+
                  | Regen+ Str-5} (Okawaru gifted it to you on level 5 of the
                  | Lair of Beasts)
 17280 | Lair:5   | Received a gift from Okawaru
 17281 | Lair:5   | Reached XP level 14. HP: 65/116 MP: 23/23
 18252 | Lair:6   | Reached skill level 15 in Long Blades
 19192 | Lair:6   | Found a runed translucent door.
 19223 | Lair:6   | Received a gift from Okawaru
 19388 | Lair:6   | HP: 1/118 [lindwurm/blast of flame (41)]
 19389 | Arena    | Entered the Arena
 20384 | D:10     | Entered Level 10 of the Dungeon
 20468 | D:10     | Reached XP level 15. HP: 123/124 MP: 24/24
 20479 | D:10     | Received a gift from Okawaru
 20503 | D:10     | Found a staircase to the Orcish Mines.
 22245 | D:11     | Found Reiheab's General Store.
 22248 | D:11     | Bought a scroll of acquirement for 624 gold pieces
 22248 | D:11     | Acquired 700 gold pieces
 23599 | D:12     | Received a gift from Okawaru
 23892 | Orc:1    | Entered Level 1 of the Orcish Mines
 23892 | Orc:1    | Found Bucsurua's General Store.
 24050 | Orc:1    | You are sucked into a shaft and drop 1 floor!
 24050 | Orc:2    | Entered Level 2 of the Orcish Mines
 24304 | Orc:2    | Noticed an orc warlord
 24317 | Orc:2    | Killed an orc warlord
 24351 | Orc:2    | Found Fomogynk's Antique Armour Shop.
 24536 | Orc:2    | Noticed an orc warlord
 24542 | Orc:2    | Killed an orc warlord
 25457 | Orc:2    | Received a gift from Okawaru
 25561 | Orc:2    | Found Taqieheg's Antique Armour Boutique.
 25580 | Orc:2    | Bought a pair of embroidered gloves for 150 gold pieces
 25586 | Orc:2    | Found Alasek's Book Shop.
 25826 | Orc:2    | Found a staircase to the Elven Halls.
 25901 | Orc:2    | Received a gift from Okawaru
 26181 | Orc:2    | Reached XP level 16. HP: 126/134 MP: 25/25
 26540 | Orc:2    | Found Jij Sur's Antique Armour Shoppe.
 26552 | Orc:2    | Bought a pair of runed boots for 172 gold pieces
 27014 | Orc:1    | Received a gift from Okawaru
 27957 | D:13     | Noticed Kirke
 27993 | D:13     | Noticed a sphinx
 27995 | Arena    | Entered the Arena
 27999 | Arena    | Killed Kirke
 28155 | D:13     | Reached skill level 15 in Fighting
 28155 | D:13     | Reached skill level 15 in Armour
 28155 | D:13     | Reached skill level 5 in Evocations
 28429 | D:13     | Noticed Urug
 28439 | D:13     | Killed Urug
 28578 | D:13     | Found a gate to the Vaults.
 28683 | D:13     | Noticed Erolcha
 28703 | D:13     | Killed Erolcha
 29528 | D:14     | Received a gift from Okawaru
 29531 | D:14     | Reached skill level 15 in Shields
 30277 | D:15     | Entered Level 15 of the Dungeon
 30371 | D:15     | Reached XP level 17. HP: 81/142 MP: 23/26
 30382 | D:15     | Reached skill level 10 in Bows
 31055 | D:15     | Found a white marble altar of Elyvilon.
 31312 | D:15     | Found a staircase to the Depths.
 32347 | Swamp:1  | Entered Level 1 of the Swamp
 33297 | Swamp:1  | Received a gift from Okawaru
 33536 | Swamp:2  | Noticed Louise
 33554 | Arena    | Entered the Arena
 33561 | Arena    | Killed Louise
 33577 | Swamp:1  | Received a gift from Okawaru
 33824 | Swamp:1  | Received a gift from Okawaru
 34134 | Swamp:2  | Received a gift from Okawaru
 34259 | Swamp:2  | Reached skill level 1 in Dodging
 34625 | Swamp:2  | Found a runed translucent gate.
 34626 | Swamp:2  | Found a runed translucent gate.
 34627 | Swamp:2  | Found a runed translucent gate.
 34630 | Swamp:2  | Noticed KCGemini's ghost (journeyman FeBe)
 35262 | Swamp:2  | Killed KCGemini's ghost
 35270 | Swamp:2  | Received a gift from Okawaru
 35278 | Swamp:2  | Reached XP level 18. HP: 130/151 MP: 27/27
 35319 | Swamp:2  | Identified the +8 hand axe of Tedalom {vorpal, *Noise Str+4
                  | Dex+8}
 35398 | Swamp:3  | Noticed Aizul
 35407 | Swamp:3  | Killed Aizul
 35861 | Swamp:3  | Found the +4 skin of Zhor {*Englaciate rC+++ SInv}
 35865 | Swamp:3  | Found a sparkling altar of Nemelex Xobeh.
 36276 | Swamp:4  | Entered Level 4 of the Swamp
 36287 | Swamp:4  | Found a runed translucent door.
 36287 | Swamp:4  | Noticed Fiyxkotz's ghost (adept OgCj)
 36459 | Swamp:4  | Received a gift from Okawaru
 36878 | Swamp:4  | Identified the -3 pair of boots of Ceosacytz {Slay+3}
 36919 | Swamp:4  | Received a gift from Okawaru
 36968 | Swamp:4  | Got a decaying rune of Zot
 37198 | Swamp:4  | Received a gift from Okawaru
 37499 | Swamp:4  | Killed Fiyxkotz's ghost
 37499 | Swamp:4  | Received a gift from Okawaru
 37509 | Swamp:4  | Identified the +1 chain mail of Circular Logic {Fly rF- rN+
                  | Str+3}
 37592 | Spider:1 | Entered Level 1 of the Spider Nest
 37623 | Spider:1 | You are sucked into a shaft and drop 1 floor!
 37928 | Spider:2 | Identified the +0 pair of boots "Qugo Ytz" {-Tele +Inv
                  | Will+} (Okawaru gifted it to you on level 2 of the Spider
                  | Nest)
 37928 | Spider:2 | Received a gift from Okawaru
 38306 | Spider:2 | Reached skill level 5 in Dodging
 38870 | Spider:2 | Identified the +7 chain mail of Qiysimoa {rN+}
 39014 | Spider:2 | Found the +3 robe of Clouds {*Thunder rCloud rElec}
 39514 | Spider:3 | Found a frozen archway.
 39518 | IceCv    | Entered an ice cave
 40132 | IceCv    | Noticed a golden dragon
 40144 | IceCv    | Reached XP level 19. HP: 115/157 MP: 26/28
 40147 | IceCv    | Killed a golden dragon
 40325 | IceCv    | Identified the +2 hat of the Meadowlark {rC+++ Str-5
                  | Slay+3}
 40329 | IceCv    | Got the Catalogue of Ice
 40349 | IceCv    | Identified the ring of the Middle {rF+ Int+4 Dex+2}
 40351 | IceCv    | Identified the ring "Rukhloqosk" {rC+ Int+4}
 40520 | Spider:3 | HP: 6/157 [meliai (5)]
 40523 | Spider:3 | Killed from afar by a meliai

Illustrated notes

Levels and vault maps discovered:
D:1:      wander_arrival_fairy_ring, layout_basic, chequers_serial_rivers_room_a
D:2:      layout_loops_ring, shapermc_ecumenical_altar_venn, uniq_natasha
D:3:      layout_loops_ring, mainiacjoe_overflow_chevrons,
          gammafunk_ghost_arena, hangedman_glass_teeth
D:4:      layout_basic, nicolae_hepliaklqana_monster_ancestors,
          due_unseen_surprise
D:5:      layout_basic, lemuel_doored_altar, overflow_temple_1_default,
          amethyst_overflow_temple_binary, minmay_manual_mess, uniq_ijyb,
          uniq_edmund, uniq_sigmund, uniq_menkaure
D:6:      layout_layer_cave, minmay_temple_entry_hall
D:7:      layout_basic, nicolae_wu_jian_immortal_techniques
D:8:      layout_rooms, lightli_temple_of_fire, minmay_lair_entry_grove,
          serial_shops, shop
D:9:      layout_cave_pools, grunt_decor_clamped
D:10:     minmay_diamond_stairs, layout_basic
D:11:     layout_gridville, serial_shops, kennysheep_mini_moat
D:12:     layout_loops_corners, lightli_corner_chamber
D:13:     layout_rooms, skrybe_vaults_entry_preservation, fountainhead,
          hangedman_parallel_progression, uniq_kirke, uniq_urug, uniq_erolcha
D:14:     layout_basic, nicolae_wwwww, minmay_pinched_square
D:15:     grunt_enter_depths_snipers, layout_long_grid, elyvilon_altar_5
Lair:1:   layout_loops_ring, nicolae_volcano_entry_hallway, st_stairs_7
Lair:2:   layout_loops_ring, infiniplex_staircase_pool, uniq_maggie
Lair:3:   layout_hall_layers
Lair:4:   layout_loops_ring, minmay_swamp_entry_worms, spider_nest_entry_webs,
          lemuel_old_faithful, grunt_megastairs_3
Lair:5:   layout_regular_city
Lair:6:   guppyfry_lair_end_dragon, layout_gridlike, wormcave,
          minmay_slime_entry_pillars
Swamp:1:  layout_falls_marsh, evilmike_swamp_ruin_house_2,
          nicolae_swamp_treefoil, swamp_pool1, nicolae_swamp_well_well_well
Swamp:2:  nicolae_swamp_tree_isthmus, layout_falls_marsh,
          gammafunk_ghost_necromancy, nicolae_swamp_triple_paths, swamp_pool1,
          uniq_louise
Swamp:3:  layout_basic_swamp, evilmike_swamp_ruin_rubble_2, swamp_pool3,
          lemuel_altar_in_water, cheibrodos_swamp_pet_leeches, uniq_aizul
Swamp:4:  swamp_icy, layout_basic_swamp, gammafunk_ghost_grave
Spider:1: layout_spider_delve, drop_trap
Spider:2: layout_spider_delve
Spider:3: layout_spider_delve, portal_ice_cave_entry_pillars_four,
          spiders_nest_ghost_moth_duel
Orc:1:    layout_caves, serial_shops, shop
Orc:2:    pubby_orc_utopia, serial_shops

Skill      XL: |  1  2  3  4  5  6  7  8  9 10 11 12 13 14 15 16 17 18 19 |
---------------+----------------------------------------------------------+-----
Fighting       | 4 5 6 7 8 10 11 12 13 14 15 16 | 16.2
Armour         | 4 5 6 7 8 10 11 12 13 14 15 16 17 | 17.6
Long Blades    | 3 4 5 7 9 11 13 14 15 16 | 16.3
Shields        | 4 5 7 9 10 13 15 17 | 17.3
Evocations     | 2 3 4 6 8 |  8.4
Invocations    | 4 7 8 10 12 | 12.0
Bows           | 2 4 6 7 9 11 12 | 12.0
Dodging        | 2 5 |  5.9

Action                   |  1- 3 |  4- 6 |  7- 9 | 10-12 | 13-15 | 16-18 | 19-21 || total
-------------------------+-------+-------+-------+-------+-------+-------+-------++-------
Melee: Long sword        |   110 |   150 |   286 |   295 |       |       |       ||   841
       Scimitar          |       |       |       |       |    78 |    34 |       ||   112
       Triple sword      |       |       |       |       |   179 |   780 |    10 ||   969
 Fire: Longbow           |       |       |       |   178 |   550 |   334 |     9 ||  1071
Invok: Heroism           |       |       |       |     7 |     6 |    28 |     1 ||    42
       Duel              |       |       |       |       |     1 |     2 |       ||     3
       Finesse           |       |       |       |       |     1 |     4 |       ||     5
 Abil: Dig               |       |     1 |       |       |     5 |     1 |       ||     7
Evoke: Wand              |       |       |     5 |       |       |     1 |       ||     6
       Tin of tremorston |       |       |       |       |       |       |     1 ||     1
  Use: Scroll            |       |     6 |     6 |    13 |     7 |     5 |       ||    37
       Potion            |       |       |     1 |     4 |     2 |     3 |     3 ||    13
Armor: Scale mail        |    55 |    15 |       |       |       |       |       ||    70
       Chain mail        |       |    16 |       |       |       |       |       ||    16
       Plate armour      |       |    54 |   205 |   187 |   247 |   482 |    28 ||  1203
Dodge: Dodged            |    58 |    50 |    98 |   100 |   145 |   256 |    23 ||   730
Block: Buckler           |    21 |    31 |    88 |   196 |   146 |       |       ||   482
       Reflection        |       |       |       |       |    11 |    58 |       ||    69
       Kite shield       |       |       |       |       |   275 |   556 |       ||   831
       Tower shield      |       |       |       |       |       |   499 |    75 ||   574
